 Dungeon Crawl Stone Soup version 0.31-a0-455-g1a7b003ef0 (webtiles) character file.

Game seed: 11179656695434755096

350 Anon1729 the Trooper (level 6, -2/51 (56) HPs)
             Began as a Minotaur Monk on Aug 3, 2023.
             Slain by a gnoll
             ... wielding a +0 spear
              (4 damage)
             ... on level 4 of the Dungeon.
             The game lasted 00:01:50 (3570 turns).

Anon1729 the Trooper (Minotaur Monk)                Turns: 3570, Time: 00:01:50

HP:   -2/51 (56)    AC:  4    Str: 16    XL:     6   Next: 33%
MP:   6/6           EV: 13    Int:  7    God:
Gold: 153           SH:  0    Dex: 14    Spells: 5/5 levels left

rFire   . . .        m - +3 dagger
rCold   . . .        d - orb {light}
rNeg    . . .        b - +0 robe
rPois   .            (helmet restricted)
rElec   .            l - +1 cloak
rCorr   .            (no gloves)
SInv    +            (no boots)
Will    .....        (no amulet)
Stlth   +            j - ring of flight
HPRegen 0.28/turn    y - ring of see invisible
MPRegen 0.10/turn

%: no passive effects
@: flying, glowing, drained
A: horns 2, retaliatory headbutt
a: no special abilities


You were on level 4 of the Dungeon.
You visited 1 branch of the dungeon, and saw 4 of its levels.
You also visited: Sewer.

You collected 153 gold pieces.

Inventory:

Hand Weapons
 a - a +0 short sword
 m - a +3 dagger (weapon)
Missiles
 n - 34 stones
Armour
 b - a +0 robe (worn)
 d - an orb of light (worn)
 l - a +1 cloak (worn)
Jewellery
 j - a ring of flight (left hand)
 q - a ring of protection from cold
 v - a ring of protection from cold
 y - a ring of see invisible (right hand)
Wands
 x - a wand of iceblast (10)
Scrolls
 e - a scroll of enchant armour
 g - 2 scrolls of blinking {unknown}
 i - 2 scrolls of vulnerability {unknown}
 k - 2 scrolls of identify {unknown}
 p - 3 scrolls of noise
 r - a scroll of poison {unknown}
 s - a scroll of teleportation {unknown}
 C - a scroll of fear {unknown}
 D - a scroll of amnesia {unknown}
Potions
 f - 2 potions of curing {unknown}
 h - a potion of enlightenment {unknown}
 o - 3 potions of mutation {unknown}
 t - a potion of haste {unknown}
 u - 2 potions of cancellation {unknown}
 w - a potion of heal wounds {unknown}
 z - a potion of invisibility {unknown}
 A - a potion of might {unknown}
 B - a potion of magic {unknown}


   Skills:
 + Level 5.0 Fighting
 + Level 4.5 Short Blades
 + Level 3.0 Armour
 + Level 4.5 Dodging
 + Level 2.6 Invocations


You had 5 spell levels left.
You didn't know any spells.
Your spell library contained the following spells:

 Spells                   Type           Power      Damage    Failure   Level
 Ensorcelled Hibernation  Hex/Ice        0%         N/A       56%         2
 Passwall                 Tmut/Erth      0%         N/A       56%         2
 Dazzling Flash           Conj/Hex       0%         N/A       80%         3
 Swiftness                Air            0%         N/A       80%         3
 Cause Fear               Hex            0%         N/A       99%         4
 Agony                    Necr           0%         N/A       100%        5
 Fireball                 Conj/Fire      0%         3d3       100%        5
 Silence                  Hex/Air        0%         N/A       100%        5
 Dragon's Call            Summ           0%         N/A       100%        9


Dungeon Overview and Level Annotations

Branches:
Dungeon (4/15)              Sewer (visited)
 Temple: D:4-7

Altars:

Annotations:
D:2 1 runed translucent door, Crazy Yiuf


Innate Abilities, Weirdness & Mutations

You have a pair of horns on your head.
You reflexively headbutt those who attack you in melee.


Message History

You are too injured to fight recklessly!
You are too injured to fight recklessly!
You are too injured to fight recklessly!
You are too injured to fight recklessly!
You are too injured to fight recklessly!
You are too injured to fight recklessly!
You are too injured to fight recklessly!
You are too injured to fight recklessly!
You are too injured to fight recklessly!
You are too injured to fight recklessly!
You are too injured to fight recklessly!
The gnoll attacks as you move away! The gnoll hits you with a +0 whip!
* * * LOW HITPOINT WARNING * * *
The gnoll attacks as you move away! The gnoll hits you but does no damage.
You feel drained. The gnoll attacks as you move away!
The gnoll closely misses you. The gnoll attacks as you move away!
The gnoll hits you with a +0 whip.
* * * LOW HITPOINT WARNING * * *
The gnoll attacks as you move away! The gnoll closely misses you.
You are confused.
You feel invigorated. The gnoll hits you with a +0 whip.
* * * LOW HITPOINT WARNING * * *
You bump into the rock wall.
The gnoll closely misses you.
You bump into the rock wall.
You feel less invigorated.
You feel less confused.
As you read the scroll labelled COYNOM OLANO, it crumbles to dust.
It is a scroll of enchant armour.
Your +0 cloak glows green for a moment.
The gnoll hits you from afar with a +0 spear.
* * * LOW HITPOINT WARNING * * *
The gnoll misses you. You furiously retaliate!
You headbutt the gnoll.
The gnoll hits you with a +2 flail of draining!
* * * LOW HITPOINT WARNING * * *
You feel drained.
* * * LOW HITPOINT WARNING * * *
As you read the scroll labelled FIUNWOE BACZU, it crumbles to dust.
You hear a loud clanging noise!
It was a scroll of noise.
The gnoll hits you from afar with a +0 spear.
You die...

..###..# ##. #...# ...#..#
Kg##....# ......# g......#..
.)....# ### #)g....#.# .)....#
#.. ##.##..... .[....+
#.#####K.##...# ......#
#..g...g###...# ......#
#g##.....##...###.# †††...#
#g@##.##........... ......#
##..#..#.............. ......##
##.####.gK...##.######.
##....##.##..........####.#
#..†####.#.........#.###..#
...........#......##..##.##
#............#..#####....#######
#......###......................
#..#####≈#......#######.########


You could see 3 gnolls and a kobold.

Vanquished Creatures
  Pargi (Sewer)
  A black bear (D:4)
  A sleepcap (D:4)
  A gnoll (D:4)
  4 adders
  3 worms
  2 dart slugs (D:1)
  3 orcs (D:4)
  5 ball pythons
  6 bats
  9 endoplasms
  4 giant cockroaches
  7 goblins
  3 hobgoblins
  4 jackals (D:4)
  4 kobolds
  4 quokkas
  9 frilled lizards
  10 rats
81 creatures vanquished.

Notes
Turn   | Place    | Note
-------+----------+-------------------------------------------
     0 | D:1      | Anon1729 the Minotaur Monk began the quest for the Orb.
     0 | D:1      | Reached XP level 1. HP: 19/19 MP: 0/0
   135 | D:1      | Reached XP level 2. HP: 26/27 MP: 1/1
   269 | D:1      | Reached skill level 1 in Armour
   451 | D:1      | Reached skill level 4 in Fighting
   451 | D:1      | Reached skill level 1 in Invocations
   497 | D:1      | Reached XP level 3. HP: 33/33 MP: 2/2
  1524 | D:2      | Found a runed translucent door.
  1525 | D:2      | Noticed Crazy Yiuf
  1978 | D:3      | Reached XP level 4. HP: 37/40 MP: 4/4
  3017 | D:4      | Found a glowing drain.
  3044 | Sewer    | Entered a sewer
  3085 | Sewer    | Noticed Pargi
  3099 | Sewer    | Killed Pargi
  3100 | Sewer    | Reached XP level 5. HP: 27/47 MP: 5/5
  3357 | D:4      | Noticed a black bear
  3368 | D:4      | Killed a black bear
  3369 | D:4      | Reached skill level 5 in Fighting
  3369 | D:4      | Reached XP level 6. HP: 46/56 MP: 6/6
  3569 | D:4      | HP: 1/51 [gnoll/+2 flail of draining (2)]
  3570 | D:4      | Slain by a gnoll

Illustrated notes

Levels and vault maps discovered:
D:1:      dpeg_arrival_houses_and_road, layout_basic, st_stairs_14,
          minmay_heptomino_d4
D:2:      layout_basic, uniq_crazy_yiuf_cottage
D:3:      layout_loops_corners
D:4:      layout_rooms, mainiacjoe_overflow_24_doors, zin_treasury,
          lemuel_temple_firewalk_a, portal_sewer_entry_d,
          chequers_serial_rivers_micro_a, uniq_edmund

Skill      XL: |  1  2  3  4  5  6 |
---------------+-------------------+-----
Armour         | 1 2 3 |  3.0
Fighting       | 4 5 |  5.0
Invocations    | 1 2 |  2.6
Dodging        | 4 |  4.5
Short Blades   | 4 |  4.5

Action                     |  1- 3 |  4- 6 || total
---------------------------+-------+-------++-------
  Melee: Short sword       |    59 |       ||    59
         Headbutt          |    17 |    26 ||    43
         Dagger            |    39 |    84 ||   123
    Use: Scroll            |       |     2 ||     2
         Potion            |       |     1 ||     1
 Armour: Robe              |    13 |    28 ||    41
  Dodge: Dodged            |    48 |    67 ||   115

Table legend: (Time is in decaauts)
 A = Elapsed time spent in this place.
 B = Non-inter-level travel time spent in this place.
 C = Inter-level travel time spent in this place.
 D = Time resting spent in this place.
 E = Time spent auto-exploring this place.
 F = Levels seen in this place.
 G = Mean time per level.
                   A        B        C        D        E       F      G
               +--------+--------+--------+--------+--------+-----+--------+
         Total |   3532 |   3382 |    150 |     16 |   2894 |   5 |  706.4 |
       Dungeon |   3239 |   3089 |    150 |     16 |   2664 |   4 |  809.8 |
         Sewer |    292 |    292 |      0 |      0 |    230 |   1 |  292.0 |
               +--------+--------+--------+--------+--------+-----+--------+

Top non-repeatable levels by time:
     D:1: 995 daAuts
     D:3: 947 daAuts
     D:2: 945 daAuts
     D:4: 351 daAuts
   Sewer: 292 daAuts
